 Dungeon Crawl Stone Soup version 0.20.1-1-g8b1a95d (webtiles) character file.

322 kae the Slasher (level 6, -5/51 HPs)
             Began as a Barachi Fighter on Sept 26, 2017.
             Was an Initiate of Makhleb.
             Slain by an ogre
             ... wielding a +0 giant club
              (14 damage)
             ... on level 4 of the Dungeon.
             The game lasted 00:04:20 (2882 turns).

kae the Slasher (Barachi Fighter)                   Turns: 2882, Time: 00:04:21

Health: -5/51      AC:  9    Str: 19    XL:     6   Next: 47%
Magic:  6/6        EV:  9    Int:  9    God:    Makhleb [......]
Gold:   140        SH:  9    Dex:  9    Spells: 5/5 levels left

rFire    + . .     SeeInvis .   a - +0 long sword
rCold    x . .     Gourm    .   c - +0 shield
rNeg     . . .     Faith    .   b - +0 scale mail
rPois    .         Spirit   .   j - +1 hat
rElec    .         Reflect  .   u - +0 cloak
rCorr    .         Harm     .   (no gloves)
MR       .....                  (no boots)
Stlth    ..........             (no amulet)
Regen    0.2/turn               h - ring of fire
MPRegen  0.1/turn               o - ring of flight

@: about to teleport, can't hop, slow
A: +LOS, swims, repulsion field 1, clumsy 1, slowness 1, strong legs 1
a: Hop, Renounce Religion, Evoke Flight


You were on level 4 of the Dungeon.
You worshipped Makhleb.
Makhleb was noncommittal.
You were hungry.

You visited 2 branches of the dungeon, and saw 5 of its levels.

You collected 140 gold pieces.

Inventory:

Hand Weapons
 a - a +0 long sword (weapon)
Armour
 b - a +0 scale mail (worn)
 c - a +0 shield (worn)
 j - a +1 hat (worn)
 u - a +0 cloak (worn)
 y - a +1 helmet
Jewellery
 h - a ring of fire (left hand)
 o - a ring of flight (right hand)
Wands
 q - a wand of polymorph (11/24)
Scrolls
 e - 2 scrolls of identify
 i - 3 scrolls of teleportation
 k - a scroll of magic mapping {unknown}
 l - a scroll of enchant armour {unknown}
 n - a scroll of remove curse {unknown}
 p - a scroll of noise {unknown}
 v - a scroll of amnesia {unknown}
 w - a scroll of fear {unknown}
 x - a scroll of blinking {unknown}
Potions
 d - a potion of might
 s - 2 potions of heal wounds {unknown}
 t - a potion of magic {unknown}
 z - a potion of cancellation {unknown}
 A - a potion of agility {unknown}
 B - a potion of haste
Comestibles
 f - 2 bread rations
 g - 2 meat rations
 m - a royal jelly
 r - 2 fruits
 C - 2 chunks of flesh


   Skills:
 + Level 5.2 Fighting
 * Level 5.7 Long Blades
 + Level 5.4 Armour
 - Level 3.2 Shields


You had 5 spell levels left.
You didn't know any spells.

Dungeon Overview and Level Annotations

Branches:
Dungeon (4/15)             Temple (1/1) D:4

Altars:
Ashenzari
Cheibriados
Dithmenos
Gozag
Hepliaklqana
Kikubaaqudgha
Makhleb
Nemelex Xobeh
Qazlal
Ru
Sif Muna
Trog
Vehumet
Yredelemnul
Zin
The Shining One

Shops:
D:4 *


Innate Abilities, Weirdness & Mutations

Shadows flee at your approach. (+LOS)
You can swim through water.
You cover ground slowly.
You can hop short distances.
You are surrounded by a mild repulsion field. (EV +2)
You are clumsy. (Dex -2)


Message History

You kill the giant cockroach!
Makhleb accepts your kill.
You see here a glowing helmet.
y - a glowing helmet You block the ogre's attack.
The ogre barely misses you. The ogre hits you with a giant club!
There is a stone staircase leading up, spattered with blood here.
The ogre closely misses you. The ogre closely misses you.
The ogre hits you with a giant club!
As you read the scroll labeled RIR YCIJENLORO, it crumbles to dust.
It is a scroll of identify.
B - a potion of haste The ogre hits you with a giant club!
* * * LOW HITPOINT WARNING * * *
As you read the scroll labeled LESITESEAV, it crumbles to dust.
You feel strangely unstable.
It was a scroll of teleportation.
The ogre hits you with a giant club!
You die...

############ #..........#
##########.########.#
#.........O#......#.########
######..........@...w...........#
#......................#.######.#
#........##...........<..#
#........................#
#........................#
.....#...................#
.....#.................#.#
.................#.....#.#
.................#.....#.#


You could see an ogre and a worm.

Vanquished Creatures
  An ogre (D:4)
  A howler monkey (D:4)
  A bullfrog skeleton (D:4)
  An orc wizard (D:3)
  3 worker ants (D:4)
  An adder (D:2)
  5 orcs
  2 giant cockroaches (D:4)
  10 goblins
  13 hobgoblins
  12 kobolds
  3 quokkas
  3 bats (D:1)
  9 frilled lizards
  4 rats
69 creatures vanquished.

Notes
Turn   | Place    | Note
-------+----------+-------------------------------------------
     0 | D:1      | kae the Barachi Fighter began the quest for the Orb.
     0 | D:1      | Reached XP level 1. HP: 18/18 MP: 1/1
   117 | D:1      | Reached XP level 2. HP: 17/25 MP: 2/2
   673 | D:2      | Reached XP level 3. HP: 18/30 MP: 3/3
   677 | D:2      | Gained mutation: You are clumsy. (Dex -2) [potion of mutation]
   677 | D:2      | Gained mutation: You are surrounded by a mild repulsion field. (EV +2) [potion of mutation]
  1174 | D:3      | Reached XP level 4. HP: 30/37 MP: 4/4
  1791 | D:4      | Found Wuyly Coum's General Store.
  1819 | D:4      | Reached XP level 5. HP: 32/43 MP: 5/5
  2133 | D:4      | Found a staircase to the Ecumenical Temple.
  2154 | Temple   | Entered the Ecumenical Temple
  2232 | Temple   | Became a worshipper of Makhleb the Destroyer
  2272 | D:4      | Noticed an ogre
  2303 | D:4      | Killed an ogre
  2303 | D:4      | Reached skill level 5 in Fighting
  2303 | D:4      | Reached skill level 5 in Long Blades
  2303 | D:4      | Reached skill level 5 in Armour
  2303 | D:4      | Reached XP level 6. HP: 22/51 MP: 6/6
  2882 | D:4      | Slain by an ogre

Skill      XL: |  1  2  3  4  5 |
---------------+----------------+-----
Long Blades    | 3 4 5 |  5.7
Armour         | 4 5 |  5.4
Fighting       | 4 5 |  5.2
Shields        | |  3.2

Action                   |  1- 3 |  4- 6 || total
-------------------------+-------+-------++-------
Melee: Long sword        |   143 |   102 ||   245
 Abil: Hop               |     1 |     1 ||     2
  Use: Potion            |     3 |       ||     3
       Scroll            |       |     2 ||     2
  Eat: Chunk             |     1 |     6 ||     7
Armor: Scale mail        |    88 |    47 ||   135
       Skin              |    11 |       ||    11
Dodge: Dodged            |    52 |    61 ||   113
Block: Shield            |    88 |    50 ||   138
       Rpst.: Long sword |    18 |    20 ||    38
